AoeStats
← iaguz

Arena

508863868Analyzed
1v1 RM · 7d ago on Sep 24, 2026· 38m 15s· 2 players
Game mode
Random Map
Map size
Tiny (2 player)
Population
200
Speed
Normal
Resources
Standard
Victory
Conquest
Starting age
Dark Age
Ending age
Imperial Age
RankedLock teamsTeams togetherTeam positionsShared explorationLock speedFull tech treeHidden civsTurbo modeCheats
Victory
Defeat
🇦🇺 Burmese · Australia
1954
+19
🇹🇼 Bulgarians · Taiwan
2025
-19
iaguz
10:59 Feudal Age
11:35 Horse Collar
14:26 Castle Age
15:08 Bloodlines
14:36 Light Cavalry
21:09 Heavy Plow
23:17 Wheelbarrow
22:29 Town Watch
24:37 Stone Mining
25:37 Loom
28:48 Imperial Age
26:23 Fletching
26:12 Elite Skirmisher
27:44 Ballistics
27:26 Bodkin Arrow
27:31 Padded Archer Armor
27:45 Gold Mining
28:20 Bloodlines
29:39 Bracer
31:42 Chemistry
31:35 Scale Barding Armor
31:40 Forging
32:28 Conscription
32:43 Chain Barding Armor
32:59 Husbandry
34:58 Hussar
36:24 Iron Casting
36:24 Plate Barding Armor
36:41 Elite Arambai
[LuB]myqbox
11:10 Feudal Age
14:48 Castle Age
12:34 Horse Collar
13:32 Double-Bit Axe
14:55 Light Cavalry
19:00 Forging
20:11 Husbandry
22:10 Bow Saw
23:16 Gold Mining
23:50 Fletching
24:37 Wheelbarrow
24:32 Bodkin Arrow
26:16 Ballistics
26:23 Heavy Plow
26:28 Loom
27:05 Hand Cart
31:10 Imperial Age
28:51 Padded Archer Armor
29:11 Bloodlines
29:30 Scale Barding Armor
30:52 Chain Barding Armor
30:33 Stone Mining
31:19 Gold Shaft Mining
31:40 Iron Casting
31:54 Bracer
32:35 Plate Barding Armor
31:33 Hussar
32:20 Bracer
33:13 Thumb Ring
35:57 Parthian Tactics
34:52 Heavy Cavalry Archer
34:55 Elite Skirmisher
36:03 Conscription
35:53 Heavy Cavalry Archer
37:43 Chemistry
Connection lost

Rejoining the realm…

Still unreachable

The connection could not be restored.

Session expired

The server has moved on; the page needs a fresh start.